 Dungeon Crawl Stone Soup version 0.32-a0-656-g3542139ebd (webtiles) character file.

Game seed: 7058806430940579642

54 Khashishi the Trooper (level 3, -2/29 HPs)
             Began as a Mummy Monk on Mar 8, 2024.
             Killed from afar by Ijyb (13 damage)
             ... with a bolt of dispelling energy
             ... on level 3 of the Dungeon.
             The game lasted 00:06:10 (1232 turns).

Khashishi the Trooper (Mummy Monk)                  Turns: 1232, Time: 00:06:10

Health: -2/29      AC:  6    Str: 16    XL:     3   Next: 66%
Magic:  3/3        EV: 10    Int:  9    God:
Gold:   122        SH:  0    Dex: 14    Spells: 2/2 levels left

rFire   x . .        i - +0 trident
rCold   + . .        c - orb {light}
rNeg    + + +        e - +0 scale mail
rPois   ∞            (no helmet)
rElec   .            (no cloak)
rCorr   .            (no gloves)
SInv    .            (no boots)
Will    .....        (no amulet) Stlth
                     (no ring)
HPRegen 0.24/turn    (no ring)
MPRegen 0.08/turn

%: faith
@: glowing
A: cold resistance 1, negative energy resistance 3, torment resistance 2, heat
vulnerability 1, in touch with death 1, no potions, faith
a: no special abilities


You were on level 3 of the Dungeon.
You visited 1 branch of the dungeon, and saw 3 of its levels.

You collected 122 gold pieces.

Inventory:

Hand Weapons
 i - a +0 trident (weapon)
Missiles
 f - 6 boomerangs (quivered)
 h - a throwing net
Armour
 c - an orb of light (worn)
 e - a +0 scale mail (worn)
Scrolls
 b - a scroll of immolation {unknown}
 d - a scroll of fog {unknown}
 g - a scroll of vulnerability {unknown}


   Skills:
 + Level 3.4 Fighting
 + Level 2.9 Polearms
 + Level 1.2 Armour
 + Level 2.8 Dodging


You had 2 spell levels left.
You didn't know any spells.
Your spell library contained the following spells:

 Spells                   Type           Power      Damage    Failure   Level
 Inner Flame              Hex/Fire       0%         N/A       99%         3
 Irradiate                Conj/Alch      0%         3d11      100%        5
 Ignition                 Fire           0%         3d3       100%        8


Dungeon Overview and Level Annotations

Branches:
Dungeon (3/15)

Altars:

Shops:
D:2 [

Annotations:
D:2 Sigmund
D:3 Ijyb


Innate Abilities, Weirdness & Mutations

You are immune to poison.
Your flesh is cold resistant. (rC+)
You are immune to negative energy. (rN+++)
You are immune to unholy pain and torment.
You are vulnerable to heat. (rF-)
You are in touch with the powers of death.
You do not drink.
You have a special connection with the divine. (Faith)


Message History

You close the door, pushing everything out of the way.
You see here a hobgoblin corpse.
You start resting.
HP restored.
You open the door.
There is an open door, spattered with blood here.
You see here a +0 trident.
i - a +0 trident Unknown command.
i - a +0 trident (weapon)
You drop a +0 spear.
A rat comes into view.
The rat squeaks loudly.
You reach to attack!
You hit the rat.
The rat is heavily wounded.
The rat bites you but does no damage.
You barely miss the rat.
The rat is heavily wounded.
The rat misses you.
You hit the rat.
You kill the rat!
Found an escape hatch in the floor.
Ijyb shouts!
A rat comes into view.
The rat bites you. The rat bites you but does no damage.
Ijyb zaps a wand.
The bolt of dispelling energy misses you.
The rat barely misses you.
You hit the rat.
You kill the rat!
There is an escape hatch in the floor here.
You see here a rat corpse.
Ijyb zaps a wand.
The bolt of dispelling energy hits you!!
Ouch! That really hurt!
Ijyb barely misses you.
You completely miss Ijyb.
Ijyb zaps a wand.
The bolt of dispelling energy hits you!
You die...
Ijyb moans, "Good help so hard to find!"

##### #...# #...#
#...# #...# . #..>#
... #...# ....
####..@##.#..
#......g......
#..........###
#..........# ....
#..........# ......
#..........# ......
#..........#####......
#.......†.............
#...................#


You could see Ijyb.

Vanquished Creatures
  An adder (D:3)
  2 dart slugs (D:1)
  An orc (D:3)
  5 bats
  3 endoplasms
  3 giant cockroaches
  3 goblins
  3 hobgoblins
  4 ball pythons
  A frilled lizard (D:1)
  7 kobolds
  6 rats
39 creatures vanquished.

Notes
Turn   | Place    | Note
-------+----------+-------------------------------------------
     0 | D:1      | Khashishi the Mummy Monk began the quest for the Orb.
     0 | D:1      | Reached XP level 1. HP: 18/18 MP: 1/1
    82 | D:1      | You fall into a shaft and drop 1 floor!
   191 | D:2      | Noticed Sigmund
   245 | D:1      | Reached XP level 2. HP: 21/24 MP: 2/2
   556 | D:1      | Found a faded altar of an unknown god.
   796 | D:1      | Reached XP level 3. HP: 25/29 MP: 3/3
   888 | D:2      | Reached skill level 1 in Armour
   997 | D:2      | Found Avucuz's Armour Emporium.
  1136 | D:3      | Noticed Ijyb
  1232 | D:3      | Killed from afar by Ijyb

Illustrated notes

Levels and vault maps discovered:
D:1:      lightli_arrival_lavapool, layout_loops_cross,
          hellmonk_ecumenical_altar_leap_of_faith, minmay_indecisive_spiral
D:2:      layout_loops_ring, serial_shops, nicolae_shop_advertising_works
          [nicolae_subvault_shop_adworks], nicolae_shop_crystal,
          nicolae_shop_scrapyard, basic_altar, uniq_sigmund
D:3:      layout_basic, lemuel_doored_altar, nicolae_dithmenos_the_darkroom,
          mainiacjoe_overflow_small_starburst, st_stairs_8,
          roderic_roman_lattice, uniq_ijyb

Skill      XL: |  1  2  3 |
---------------+----------+-----
Armour         | 1 |  1.2
Fighting       | |  3.4
Polearms       | |  2.9
Dodging        | |  2.8

Action                     || total
---------------------------++-------
  Melee: Spear             ||   107
         Trident           ||     5
  Throw: Boomerang         ||     3
 Armour: Scale mail        ||    67
         Robe              ||     1
  Dodge: Dodged            ||    49

Table legend: (Time is in decaauts)
 A = Elapsed time spent in this place.
 B = Non-inter-level travel time spent in this place.
 C = Inter-level travel time spent in this place.
 D = Time resting spent in this place.
 E = Time spent auto-exploring this place.
 F = Levels seen in this place.
 G = Mean time per level.
                   A        B        C        D        E       F      G
               +--------+--------+--------+--------+--------+-----+--------+
         Total |   1229 |   1216 |     13 |     47 |    792 |   3 |  409.7 |
       Dungeon |   1229 |   1216 |     13 |     47 |    792 |   3 |  409.7 |
               +--------+--------+--------+--------+--------+-----+--------+

Top non-repeatable levels by time:
     D:1: 735 daAuts
     D:2: 352 daAuts
     D:3: 142 daAuts
